 Dungeon Crawl Stone Soup version 0.26-a0-665-gefeb406119 (webtiles) character file.

Game seed: 1023168891139297624

81 somkeydreadnuts the Conjurer (level 4, 0/32 HPs)
             Began as a Gnoll Conjurer on Oct 15, 2020.
             Slain by a kobold
             ... wielding a +0 short sword
              (3 damage)
             ... on level 2 of the Dungeon.
             The game lasted 00:07:58 (1036 turns).

somkeydreadnuts the Conjurer (Gnoll Conjurer)       Turns: 1036, Time: 00:07:59

Health: 0/32       AC:  2    Str:  9    XL:     4   Next: 40%
Magic:  7/11       EV: 14    Int: 21    God:
Gold:   12         SH:  0    Dex: 14    Spells: 10/13 levels left

rFire    + . .     SeeInvis .   j - -3 dagger (curse)
rCold    + . .     Faith    .   (no shield)
rNeg     . . .     Spirit   .   a - +0 robe
rPois    .         Reflect  .   (no helmet)
rElec    .         Harm     .   h - scarf {rC+ rF+}
rCorr    .         Rampage  .   (no gloves)
MR       .....                  (no boots)
Stlth    +++.......             (no amulet)
HPRegen  0.10/turn              (no ring)
MPRegen  0.12/turn              (no ring)

@: no status effects
A: distributed training, fangs 1, strong nose
a: no special abilities


You were on level 2 of the Dungeon.
You visited 1 branch of the dungeon, and saw 2 of its levels.

You collected 12 gold pieces.

Inventory:

Hand Weapons
 j - a cursed -3 dagger (weapon)
 k - a +0 mace
Missiles
 e - 79 stones (quivered)
 g - 3 datura-tipped darts
 i - 13 arrows
Armour
 a - a +0 robe (worn)
 h - a scarf of resistance (worn)
Scrolls
 b - a scroll of identify
Potions
 c - 2 potions of heal wounds


   Skills:
 + Level 1.1 Fighting
 + Level 1.1 Short Blades
 + Level 1.1 Long Blades
 + Level 1.1 Axes
 + Level 1.1 Maces & Flails
 + Level 1.1 Polearms
 + Level 1.1 Staves
 + Level 1.1 Slings
 + Level 1.1 Bows
 + Level 1.1 Crossbows
 + Level 1.1 Throwing
 + Level 1.1 Armour
 + Level 4.6 Dodging
 + Level 4.2 Stealth
 + Level 1.1 Shields
 + Level 1.1 Unarmed Combat
 + Level 5.1 Spellcasting
 + Level 7.1 Conjurations
 + Level 0.9 Hexes
 + Level 0.9 Summonings
 + Level 0.9 Necromancy
 + Level 0.9 Translocations
 + Level 0.9 Transmutations
 + Level 0.9 Fire Magic
 + Level 0.9 Ice Magic
 + Level 0.9 Air Magic
 + Level 0.9 Earth Magic
 + Level 0.9 Poison Magic
 + Level 1.2 Invocations
 + Level 1.1 Evocations


You had 10 spell levels left.
You knew the following spells:

 Your Spells              Type           Power        Failure   Level
a - Magic Dart            Conj           ####         1%          1
b - Searing Ray           Conj           #####.       1%          2

Your spell library contained the following spells:

 Spells                   Type           Power        Failure   Level
 Dazzling Flash           Conj/Hex       ###...       6%          3
 Fulminant Prism          Conj/Hex       ###.......   21%         4
 Iskenderun's Mystic Bla  Conj/Tloc      ###.....     21%         4


Dungeon Overview and Level Annotations

Branches:
Dungeon (2/15)

Altars:

Annotations:
D:2 Robin


Innate Abilities, Weirdness & Mutations

Your experience applies equally to all skills.
You have very sharp teeth.
Your uncanny sense of smell can sniff out nearby items.


Message History

The goblin hits you.
* * * LOW HITPOINT WARNING * * *
The goblin barely misses you. x2; The goblin closely misses you.
The goblin barely misses you.
You hit the goblin but do no damage. The goblin barely misses you.
The kobold hits you with a +0 short sword.
* * * LOW HITPOINT WARNING * * *
The goblin barely misses you. The goblin closely misses you.
The goblin hits you but does no damage. The goblin barely misses you.
The goblin misses you. The goblin barely misses you.
You hit the goblin.
You kill the goblin!
The bat barely misses you. The bat hits you but does no damage.
The kobold hits you but does no damage. The goblin completely misses you.
The goblin misses you. The goblin completely misses you.
The goblin hits you but does no damage. The goblin closely misses you.
You hit the bat but do no damage. The bat closely misses you.
The goblin closely misses you. The bat misses you.
The kobold hits you with a +0 short sword.
You die...

###########
##.....#....
##...........
#...g........
#...ggg...... ###
#..gg@Kw....?
....##..ggbgb.....
........ggg.......
..................
..................
......?......#....
...........[.#.###
................
...............


You could see a worm, Robin, a hobgoblin (strong), 10 goblins, 2 bats and a
kobold.

Vanquished Creatures
  An orc priest (D:2)
  2 oozes (D:1)
  A dart slug (D:1)
  3 orcs
  A ball python (D:1)
  3 bats (D:1)
  3 giant cockroaches (D:1)
  7 goblins
  3 hobgoblins (D:1)
  3 jackals (D:1)
  4 kobolds (D:1)
  4 rats (D:1)
35 creatures vanquished.

Notes
Turn   | Place    | Note
-------+----------+-------------------------------------------
     0 | D:1      | somkeydreadnuts the Gnoll Conjurer began the quest for the
                  | Orb.
     0 | D:1      | Reached XP level 1. HP: 13/13 MP: 6/6
   246 | D:1      | Reached XP level 2. HP: 19/19 MP: 4/7
   250 | D:1      | Learned a level 2 spell: Searing Ray
   478 | D:1      | Reached skill level 5 in Spellcasting
   478 | D:1      | Reached XP level 3. HP: 25/25 MP: 3/9
   638 | D:1      | Reached skill level 1 in Invocations
   938 | D:2      | Reached skill level 1 in Fighting
   938 | D:2      | Reached skill level 1 in Short Blades
   938 | D:2      | Reached skill level 1 in Long Blades
   938 | D:2      | Reached skill level 1 in Axes
   938 | D:2      | Reached skill level 1 in Maces & Flails
   938 | D:2      | Reached skill level 1 in Polearms
   938 | D:2      | Reached skill level 1 in Staves
   938 | D:2      | Reached skill level 1 in Slings
   938 | D:2      | Reached skill level 1 in Bows
   938 | D:2      | Reached skill level 1 in Crossbows
   938 | D:2      | Reached skill level 1 in Throwing
   938 | D:2      | Reached skill level 1 in Armour
   938 | D:2      | Reached skill level 1 in Shields
   938 | D:2      | Reached skill level 1 in Unarmed Combat
   938 | D:2      | Reached skill level 1 in Evocations
   938 | D:2      | Reached XP level 4. HP: 32/32 MP: 1/11
  1023 | D:2      | Noticed Robin
  1036 | D:2      | Slain by a kobold

Illustrated notes

Levels and vault maps discovered:
D:1:      ncdulo_smallfort, layout_basic
D:2:      layout_rooms, lightli_temple_of_fire, st_stairs_7, uniq_robin

Skill      XL: |  1  2  3 |
---------------+----------+-----
Spellcasting   | 5 |  5.1
Invocations    | 1 |  1.2
Fighting       | 1 |  1.1
Short Blades   | 1 |  1.1
Long Blades    | 1 |  1.1
Axes           | 1 |  1.1
Maces & Flails | 1 |  1.1
Polearms       | 1 |  1.1
Staves         | 1 |  1.1
Slings         | 1 |  1.1
Bows           | 1 |  1.1
Crossbows      | 1 |  1.1
Throwing       | 1 |  1.1
Armour         | 1 |  1.1
Shields        | 1 |  1.1
Unarmed Combat | 1 |  1.1
Evocations     | 1 |  1.1
Dodging        | |  4.6
Stealth        | |  4.2
Conjurations   | |  7.1
Hexes          | |  0.9
Summonings     | |  0.9
Necromancy     | |  0.9
Translocations | |  0.9
Transmutations | |  0.9
Fire Magic     | |  0.9
Ice Magic      | |  0.9
Air Magic      | |  0.9
Earth Magic    | |  0.9
Poison Magic   | |  0.9

Action                   |  1- 3 |  4- 6 || total
-------------------------+-------+-------++-------
Melee: Unarmed           |     3 |     6 ||     9
       Dagger            |       |     6 ||     6
       Bite              |       |     1 ||     1
 Cast: Magic Dart        |    51 |     4 ||    55
       Searing Ray       |     2 |     2 ||     4
  Use: Scroll            |       |     3 ||     3
Armor: Robe              |       |     3 ||     3
Dodge: Dodged            |     4 |    52 ||    56

Table legend: (Time is in decaauts)
 A = Elapsed time spent in this place.
 B = Non-inter-level travel time spent in this place.
 C = Inter-level travel time spent in this place.
 D = Time resting spent in this place.
 E = Time spent auto-exploring this place.
 F = Levels seen in this place.
 G = Mean time per level.
                   A        B        C        D        E       F      G
               +--------+--------+--------+--------+--------+-----+--------+
         Total |   1035 |   1035 |      0 |      0 |    634 |   2 |  517.5 |
       Dungeon |   1035 |   1035 |      0 |      0 |    634 |   2 |  517.5 |
               +--------+--------+--------+--------+--------+-----+--------+

Top non-repeatable levels by time:
     D:1: 979 daAuts
     D:2: 56 daAuts
